woodfighter, lawful female dwarven Priestess # # ` ## #### #l#### # ---)-- | |..M<. |...... ....@| -- - |....| |....| ------ woodfighter the Adept Experience level: 6 Strength: 11 Dexterity: 14 Constitution: 15 Intelligence: 17 Wisdom: 12 Charisma: 10 Health: 0(48) Energy: 49(49) Def: 6 Gold: 293 Moves: 3360 Dungeon seed: oRBwurOcEsFJTWKe Game ID: woodfighter_1555185093 Your Inventory: Coins $ - 293 gold pieces Amulets u - an amulet versus poison Weapons a - a blessed +1 mace (weapon in hand) Armor e - a blessed +0 robe (being worn) n - a +0 small shield (being worn) q - a +0 orcish helm (being worn) z - a +0 mummy wrapping Comestibles c - a clove of garlic d - 2 sprigs of wolfsbane j - 2 food rations Scrolls l - a blessed scroll of light x - a scroll of enchant weapon H - a scroll of scare monster I - a blessed scroll of destroy armor L - a scroll of confuse monster Potions b - 5 potions of holy water r - 3 potions of water D - a cursed potion of booze P - a blessed potion of sleeping Rings p - a +2 ring of protection (on left hand) Q - a ring of searching Wands f - a wand of cancellation (0:1) k - a wand of opening (0:4) o - a wand of enlightenment (0:13) E - a wand of enlightenment (0:11) F - a wand of cold (0:2) Spells and supernatural/magical abilities: Name Level Category Fail Memory p - protection 1 clerical 0% 84% B - cure blindness 2 healing 36% 84% U - detect unseen 3 divination 81% 84% W - pray for help -- divine ? -- X - turn undead -- divine ? -- Your skills at the end: Miscellaneous Skills shield [Basic] wands [Basic] Weapon Skills pick-axe [Basic] mace [Skilled] Spellcasting Skills clerical spells [Basic] Final Attributes: You were devoutly aligned. You were poison resistant. You had infravision. You were stealthy. You were protected. You are dead. Vanquished creatures: a small mimic a kobold mummy 4 elf zombies a ghoul a floating eye 2 kittens a homunculus 3 iguanas 2 hill orcs a centipede 2 jitterbugs a giant bat 3 killer bees a coyote a gas spore an acid blob a hobgoblin a giant rat 2 red molds 15 manes 3 jackals a kobold 4 newts a goblin 7 grid bugs 7 lichens 68 creatures vanquished. Voluntary challenges: You did not cause conflict. You were not invisible. You did not have reflection. You were not displaced. You had been an atheist until turn 3353. You used a wielded weapon 88 times, starting on turn 274. You did not apply a unicorn horn. You did not use plumbed fixtures. You did not drink any magical draughts. You were illiterate. You never genocided any monsters. You never polymorphed an object. You never changed form. You used no wishes. You never split a pudding. You never wrote Elbereth's name. You never violated your personal moral code. Dungeon overview: The Dungeons of Doom: levels 1 to 8 Level 1 some fountains a long staircase Level 2 (water + box) a general store, a fountain Level 3 stairs to The Gnomish Mines Level 4 (water) a fountain Level 5 a delicatessen, a sink Level 6 a fountain Level 7 (white unicorn + stash) a fountain Level 8 <- You were here The Gnomish Mines: Level 4 stairs to The Dungeons of Doom History has recorded: On T:1 you entered the Dungeons of Doom to retrieve the Amulet of Yendor! On T:175 you reached level 2 of The Dungeons of Doom. On T:474 you advanced to experience level 2. On T:627 you advanced to experience level 3. On T:632 you reached level 3 of The Dungeons of Doom. On T:1073 you reached level 1 of The Gnomish Mines. On T:1175 you reached level 4 of The Dungeons of Doom. On T:1738 you advanced to experience level 4. On T:1742 you reached level 5 of The Dungeons of Doom. On T:1944 you reached level 6 of The Dungeons of Doom. On T:2324 you advanced to experience level 5. On T:2889 you reached level 7 of The Dungeons of Doom. On T:3058 you advanced to experience level 6. On T:3263 you reached level 8 of The Dungeons of Doom. On T:3353 you prayed to Quetzalcoatl. Score breakdown: Gold: 293 ( 29 points) Experience: 6 levels ( 500 points) Exploration: 8 levels ( 210 points) Discoveries: 15 items ( 750 points) Variety of kills: 26 monsters ( 1300 points) Major goal: (nothing yet) ( 0 points) Survival: died (score multiplied by 3) Total score: 8367 Latest messages: Rei scratches you! (4x) There is an open door here. You see here a cursed dagger. Rei scratches you! (2x) You begin praying to Quetzalcoatl. You are surrounded by a shimmering light. Rei starts to attack you, but pulls back. The ettin mummy starts to attack you, but pulls back. Rei starts to attack you, but pulls back. The ettin mummy starts to attack you, but pulls back. Rei starts to attack you, but pulls back. The ettin mummy starts to attack you, but pulls back. You feel that Quetzalcoatl is well-pleased. You feel much better. You hit the ettin mummy! Rei scratches you! (2x) The ettin mummy scratches you! (2x) You hit the ettin mummy! Rei scratches you! (2x) The ettin mummy scratches you! The ettin mummy just misses! You can't go up here. You hit the ettin mummy! The ettin mummy scratches you! (2x) You die... Final status: Goodbye woodfighter the Priestess, killed by an ettin mummy... You died in The Dungeons of Doom on dungeon level 8 with 8367 points, and 293 pieces of gold, after 3360 moves. You were level 6 with a maximum of 48 hit points when you died.